 Dungeon Sprint DCSS version 0.30.1-9-gdf580d7c3d (webtiles) character file.

Game seed: 3878015805354655544

146 Heoruswealwe the Spear-Bearer (level 5, -4/52 HPs)
             Began as a Minotaur Fighter on Sept 29, 2023.
             Slain by a troll (15 damage)
             ... in the Dungeon (Sprint IX: "|||||||||||||||||||||||||||||").
             The game lasted 00:01:12 (94 turns).

Heoruswealwe the Spear-Bearer (Minotaur Fighter)      Turns: 94, Time: 00:01:12

Health: -4/52      AC:  7    Str: 22    XL:     5   Next: 7%
Magic:  4/4        EV:  9    Int:  5    God:
Gold:   0          SH:  4    Dex: 10    Spells: 4/4 levels left

rFire   . . .        a - +0 trident
rCold   . . .        d - +0 buckler
rNeg    . . .        c - +0 scale mail
rPois   .            (helmet restricted)
rElec   .            (no cloak)
rCorr   .            (no gloves)
SInv    .            (no boots)
Will    .....        (no amulet) Stlth
                     (no ring)
HPRegen 0.28/turn    (no ring)
MPRegen 0.09/turn

%: no teleportation
@: no status effects
A: horns 2, retaliatory headbutt
a: no special abilities


You were in the Dungeon.
You visited 1 branch

Inventory:

Hand Weapons
 a - a +0 trident (weapon)
Armour
 c - a +0 scale mail (worn)
 d - a +0 buckler (worn)
Jewellery
 m - a +3 ring of strength
 n - a +3 ring of dexterity
Wands
 l - a wand of acid (10)
Scrolls
 j - 2 scrolls of blinking
 k - 2 scrolls of amnesia
Potions
 b - a potion of might
 e - 5 potions of curing
 f - 3 potions of heal wounds
 g - a potion of haste
 h - a potion of invisibility
 i - a potion of berserk rage


   Skills:
 + Level 7.1 Fighting
 * Level 9.0 Polearms
 + Level 7.1 Armour
 - Level 3.6 Shields


You had 4 spell levels left.
You didn't know any spells.
Your spell library was empty.

Dungeon Overview and Level Annotations

Branches:
Dungeon (1/1)

Altars:
Cheibriados
Dithmenos
Elyvilon
Fedhas
Gozag
Hepliaklqana
Kikubaaqudgha
Makhleb
Nemelex Xobeh
Okawaru
Qazlal
Ru
Sif Muna
Trog
Uskayaw
Vehumet
Wu Jian
Xom
Yredelemnul
Zin
The Shining One
Jiyva
Lugonu


Innate Abilities, Weirdness & Mutations

You have a pair of horns on your head.
You reflexively headbutt those who attack you in melee.


Message History

There is an open door here.
Found a +3 ring of strength.
h - a potion of invisibility;
f - 3 potions of heal wounds (gained 2)
e - 5 potions of curing (gained 4)
You see here 2 potions of magic.
Found a +3 ring of dexterity.
k - 2 scrolls of amnesia;
j - 2 scrolls of blinking (gained 1)
l - a wand of acid (10)
Items here: )))))).
Okay, then.
You see here a +0 cloak.
You see here a +0 cloak.
You see here a +2 ring mail.
m - a +3 ring of strength
n - a +3 ring of dexterity You open the door.
A troll, a killer bee, an orc warrior, 2 centaurs and a vampire come into view.
The orc warrior is wielding a +0 antimagic hand axe.
The troll shouts!
The killer bee buzzes angrily.
The centaur shouts! x2
You puncture the troll! Your headbutt misses the troll.
The troll is moderately wounded.
You barely miss the troll.
The troll is moderately wounded.
The troll bites you! The troll claws you. The troll barely misses you.
You puncture the troll! Your headbutt misses the troll.
The troll is severely wounded.
The troll barely misses you. The troll claws you! The troll claws you.
You hit the troll.
The troll is severely wounded.
The troll bites you. The troll claws you but does no damage.
The troll closely misses you.
You hit the troll but do no damage.
The troll is severely wounded.
The troll barely misses you. You furiously retaliate!
You headbutt the troll. The troll claws you but does no damage.
The troll claws you!
* * * LOW HITPOINT WARNING * * *
You hit the troll. You headbutt the troll.
The troll is almost dead.
The troll bites you!
You die...

▓!▓
▓.▓
▓)▓
▓.▓
▓[▓
▓[▓
▓[▓
▓.▓
▓@▓
▓T▓
▓y▓
▓c▓
▓o▓
▓c▓
▓V▓
▓.▓


You could see a troll, a vampire, an orc warrior, 2 centaurs and a killer bee.

Vanquished Creatures
  A phantom (D)
  A jelly (D)
  An iguana (D)
  An adder (D)
  An orc (D)
  An endoplasm (D)
  2 hobgoblins (D)
  A jackal (D)
  A rat (D)
10 creatures vanquished.

Notes
Turn   | Place    | Note
-------+----------+-------------------------------------------
     0 | D        | Heoruswealwe the Minotaur Fighter began the quest for the
                  | Orb.
     0 | D        | Reached XP level 1. HP: 19/19 MP: 0/0
     8 | D        | Reached skill level 3 in Polearms
    18 | D        | Noticed an iguana
    18 | D        | Noticed a jelly
    18 | D        | Noticed a phantom
    23 | D        | Reached skill level 4 in Polearms
    23 | D        | Reached XP level 2. HP: 28/28 MP: 1/1
    32 | D        | Reached skill level 5 in Fighting
    32 | D        | Reached skill level 6 in Polearms
    32 | D        | Reached skill level 5 in Armour
    32 | D        | Reached XP level 3. HP: 33/36 MP: 2/2
    34 | D        | Reached skill level 7 in Polearms
    34 | D        | Reached XP level 4. HP: 39/44 MP: 3/3
    40 | D        | Killed a phantom
    41 | D        | Reached skill level 9 in Polearms
    41 | D        | Reached XP level 5. HP: 40/52 MP: 4/4
    46 | D        | Found a snail-covered altar of Cheibriados.
    46 | D        | Found a shadowy altar of Dithmenos.
    46 | D        | Found a white marble altar of Elyvilon.
    46 | D        | Found a blossoming altar of Fedhas.
    46 | D        | Found an opulent altar of Gozag.
    47 | D        | Found a hazy altar of Hepliaklqana.
    48 | D        | Found a viscous altar of Jiyva.
    49 | D        | Found an ancient bone altar of Kikubaaqudgha.
    50 | D        | Found a corrupted altar of Lugonu.
    51 | D        | Found a burning altar of Makhleb.
    52 | D        | Found a sparkling altar of Nemelex Xobeh.
    53 | D        | Found an iron altar of Okawaru.
    54 | D        | Found a stormy altar of Qazlal.
    55 | D        | Found a sacrificial altar of Ru.
    56 | D        | Found a shimmering blue altar of Sif Muna.
    57 | D        | Found a bloodstained altar of Trog.
    58 | D        | Found a hide-covered altar of Uskayaw.
    59 | D        | Found a radiant altar of Vehumet.
    60 | D        | Found an ornate altar of the Wu Jian Council.
    61 | D        | Found a shimmering altar of Xom.
    62 | D        | Found a basalt altar of Yredelemnul.
    63 | D        | Found a glowing silver altar of Zin.
    64 | D        | Found a glowing golden altar of the Shining One.
    88 | D        | Noticed a troll
    88 | D        | Noticed a centaur
    88 | D        | Noticed an orc warrior
    88 | D        | Noticed a centaur
    88 | D        | Noticed a vampire
    94 | D        | Slain by a troll

Illustrated notes

Levels and vault maps discovered:
D:        linesprint [early_d, line_temple, items_1, d_10, items_2, lair_1,
          lair_end, items_3, orc_1, orc_end, items_4, d_15, swamp_1, shoals_1,
          snake_1, spider_1, d_20, vaults_1, items_5, swamp_end, shoals_end,
          snake_end, spider_end, vaults_end, d_27, items_6, zot_1, zot_end,
          crypt_end, forest_end, elf_end, slime_end, tomb_end, abyss_end,
          pan_hell_end]

Skill      XL: |  1  2  3  4 |
---------------+-------------+-----
Polearms       | 4 6 7 9 |  9.0
Fighting       | 4 5 6 7 |  7.1
Armour         | 4 5 6 7 |  7.1
Shields        | |  3.6

Action                     |  1- 3 |  4- 6 || total
---------------------------+-------+-------++-------
  Melee: Trident           |    22 |    12 ||    34
         Headbutt          |     3 |     2 ||     5
 Armour: Scale mail        |     5 |     4 ||     9
  Dodge: Dodged            |     4 |     5 ||     9
  Block: Buckler           |     5 |       ||     5
